Map: King Sejong Station LE

Players

Nrabbit - Winner!

  • Race: Zerg Zerg
  • League: Diamond

bofish

  • Race: Zerg Zerg
  • League: Diamond

VOD

Have the link to the VOD?

Description

Time

  • Played on: July 29, 2016, 11:16 p.m.
  • Length: 8:30
Show
View Real Time Build Order
Export as new Build Order

Nrabbit Zerg - Winner!

Build Orders: Hatch First 

Get SALT Encoding   

  12  0:01  Drone  
  13  0:12  Overlord  
  13  0:18  Drone  
  14  0:31  Drone x2  
  16  0:39  Drone  
  17  0:54  Hatchery  
  16  0:57  Drone  
  16  1:00  Drone  
  18  1:11  Extractor  
  18  1:16  Spawning Pool  
  16  1:19  Drone  
  16  1:22  Drone  
  18  1:28  Drone  
  19  1:38  Overlord  
  19  2:02  Zergling x2  
  19  2:03  Zergling x2, Queen  
  19  2:06  Queen  
  19  2:08  Drone  
  26  2:11  Metabolic Boost  
  26  2:16  Drone  
  27  2:23  Drone  
  27  2:24  Overlord  
  28  2:36  Baneling Nest  
  27  2:45  Drone x4  
  31  2:58  Overlord  
  31  3:06  Hatchery  
  31  3:10  Zergling x4  
  33  3:12  Zergling x2  
  33  3:16  Zergling x2  
  33  3:19  Zergling x2  
  35  3:21  Drone  
  35  3:25  Overlord  
  36  3:27  Drone  
  36  3:30  Drone  
  38  3:48  Lair  
  38  3:50  Extractor  
  38  3:51  Extractor  
  34  3:56  Zergling x14  
  40  4:05  Drone  
  40  4:06  Drone x4  
  45  4:10  Drone  
  46  4:29  Overlord x2  
  43  4:33  Drone  
  43  4:35  Drone x2  
  43  4:36  Extractor, Drone  
  43  4:37  Drone  
  47  4:38  Drone  
  47  4:39  Drone x2  
  50  4:47  Evolution Chamber  
  49  4:53  Evolution Chamber  
  47  5:07  Baneling x2  
  47  5:08  Baneling x2  
  47  5:11  Spire  
  46  5:30  Drone  
  46  5:32  Drone x7  
  46  5:33  Drone  
  46  5:34  Zergling x10  
  46  5:35  Zergling x2  
  61  5:46  Zergling x2  
  61  5:47  Zergling x4  
  61  5:49  Overlord  
  64  5:52  Overlord  
  64  5:55  Overlord  
  64  6:11  Overlord  
  64  6:23  Mutalisk x6  
  64  6:24  Mutalisk x2  
  80  6:31  Mutalisk x2  
  83  6:49  Mutalisk x2  
  84  6:54  Overlord  
  84  6:55  Zergling x8  
  88  7:04  Hatchery  
  88  7:07  Mutalisk x2  
  91  7:17  Mutalisk  
  93  7:41  Zergling x2  
  93  7:42  Zergling x12  
Show
View Real Time Build Order
Export as new Build Order

bofish Zerg 

Build Orders: Pool First 

Get SALT Encoding   

  12  0:01  Drone  
  13  0:09  Drone  
  14  0:16  Overlord  
  14  0:35  Drone x3  
  17  0:47  Spawning Pool  
  17  0:48  Drone  
  17  0:52  Extractor  
  16  0:57  Drone  
  17  1:19  Hatchery  
  17  1:25  Drone  
  17  1:35  Drone  
  17  1:36  Overlord  
  18  1:46  Queen  
  20  1:50  Zergling x2  
  21  1:58  Metabolic Boost  
  21  2:08  Drone x2  
  23  2:22  Baneling Nest  
  22  2:24  Queen  
  24  2:30  Zergling x2  
  24  2:32  Zergling x2  
  26  2:42  Queen  
  28  2:44  Zergling x2  
  29  2:53  Drone x2  
  31  3:00  Drone x2  
  31  3:05  Drone x2  
  35  3:15  Zergling x2  
  35  3:19  Overlord  
  36  3:30  Overlord  
  36  3:34  Baneling x2  
  36  3:38  Spine Crawler  
  36  3:41  Zergling x2  
  36  3:50  Zergling x8  
  36  3:51  Zergling x6  
  36  3:52  Zergling x2  
  44  3:56  Drone  
  45  4:07  Zergling x6  
  45  4:32  Zergling x2  
  45  4:33  Zergling x12  
  52  4:51  Baneling  
  52  4:52  Baneling  
  50  5:03  Zergling x2  
  50  5:04  Overlord x2  
  51  5:21  Drone  
  52  5:22  Overlord x2  
  52  5:24  Lair  
  52  5:27  Extractor  
  51  5:33  Drone x3  
  51  5:34  Spine Crawler, Drone  
  54  5:44  Hatchery  
  53  5:50  Baneling  
  53  5:53  Drone x2  
  53  5:57  Evolution Chamber  
  54  6:02  Drone  
  54  6:03  Drone x4  
  58  6:14  Drone  
  58  6:15  Drone  
  60  6:23  Extractor x2  
  60  6:24  Zerg Melee Weapons Level 1  
  60  6:25  Drone x2  
  60  6:56  Baneling  
  60  6:57  Baneling  
  60  6:59  Overlord x2, Drone x2  
  62  7:05  Drone x2  
  62  7:06  Drone x2  
  66  7:09  Spire  
  65  7:19  Drone x2  
  67  7:23  Spine Crawler  
  67  7:24  Drone x3  
  67  7:26  Spine Crawler  
  65  7:34  Spore Crawler  
  63  7:37  Spore Crawler  
  63  7:39  Spore Crawler  
Tags
 
Add a new tag
Caveats
  • Supply blocks, unpowered buildings, or Contaminate may cause inaccurate times.
  • Supply counts are checked every 10 seconds.